 Dungeon Sprint DCSS version 0.22-a0-422-g9628fc87f1 (webtiles) character file.

26 Denreik the Skirmisher (level 3, -2/36 HPs)
             Began as a Formicid Fighter on May 19, 2018.
             Slain by a yak (9 damage)
             ... in the Dungeon (Sprint I: "Red Sonja").
             The game lasted 00:00:17 (46 turns).

Denreik the Skirmisher (Formicid Fighter)             Turns: 46, Time: 00:00:18

Health: -2/36      AC:  6    Str: 21    XL:     3   Next: 22%
Magic:  3/3        EV:  7    Int:  7    God:
Gold:   54         SH:  9    Dex: 10    Spells: 2/2 levels left

rFire    . . .     SeeInvis +   a - +0 quarterstaff
rCold    . . .     Gourm    .   c - +0 shield
rNeg     . . .     Faith    .   b - +0 scale mail
rPois    .         Spirit   .   (helmet unavailable)
rElec    .         Reflect  .   (no cloak)
rCorr    .         Harm     .   (no gloves)
MR       .....                  (no boots)
Stlth    ..........             (no amulet)
HPRegen  0.12/turn              (no ring)
MPRegen  0.08/turn              (no ring)

@: no status effects
A: permanent stasis, dig shafts and tunnels, four strong arms, antennae 3
a: Dig


You were in the Dungeon.
You were not hungry.

You visited 1 branch You collected 54 gold pieces.

Inventory:

Hand Weapons
 a - a +0 quarterstaff (weapon)
Armour
 b - a +0 scale mail (worn)
 c - a +0 shield (worn)
Scrolls
 k - a scroll of blinking
Potions
 d - a potion of might
 e - a potion of curing
 g - a potion of heal wounds
 h - a potion of haste
 i - 2 potions of magic
 j - a potion of berserk rage
Comestibles
 f - a ration


   Skills:
 * Level 7.2 Fighting
 - Level 2.0 Staves
 - Level 3.2 Armour
 - Level 3.6 Shields


You had 2 spell levels left.
You didn't know any spells.
Your spell library was empty.

Dungeon Overview and Level Annotations

Branches:
Dungeon (1/1)

Altars:
Cheibriados
Dithmenos
Elyvilon
Fedhas
Gozag
Hepliaklqana
Kikubaaqudgha
Nemelex Xobeh
Okawaru
Qazlal
Ru
Trog
Uskayaw
Yredelemnul
Zin
The Shining One

Shops:
D }


Innate Abilities, Weirdness & Mutations

You cannot be hasted, slowed, berserked, paralysed or teleported.
You can dig through walls and to a lower floor.
Your four strong arms can wield two-handed weapons with a shield.
You have a pair of large antennae on your head. (SInv)


Message History

You hit the yak.
The yak is lightly wounded.
The yak gores you!
You hit the yak.
The yak is moderately wounded.
The yak gores you but does no damage. You block the yak's attack.
You hit the yak.
The yak is moderately wounded.
The yak gores you but does no damage.
You hit the yak.
The yak is heavily wounded.
The yak gores you!
* * * LOW HITPOINT WARNING * * *
You thump the yak!
The yak is severely wounded.
You block the yak's attack.
You closely miss the yak.
The yak is severely wounded.
The yak gores you!
You die...

#######
#<.#..+ {
#..'[.# {
#..####
#..####
#..#__####
#..#_____##
#⌠⌠#_@Y...+
##.._..__##
#..#_____#
##########
{ { { {


You could see a yak.

Vanquished Creatures
  Ijyb (D)
1 creature vanquished.

Notes
Turn   | Place    | Note
-------+----------+-------------------------------------------
     0 | D        | Denreik the Formicid Fighter began the quest for the Orb.
     0 | D        | Reached XP level 1. HP: 18/18 MP: 1/1
     1 | D        | Noticed Ijyb
    22 | D        | Killed Ijyb
    22 | D        | Reached skill level 7 in Fighting
    22 | D        | Reached XP level 2. HP: 25/31 MP: 2/2
    22 | D        | Reached XP level 3. HP: 29/36 MP: 3/3
    35 | D        | Found a basalt altar of Yredelemnul.
    35 | D        | Found a hide-covered altar of Uskayaw.
    35 | D        | Found a hazy altar of Hepliaklqana.
    35 | D        | Found a shadowy altar of Dithmenos.
    35 | D        | Found an ancient bone altar of Kikubaaqudgha.
    35 | D        | Found a sacrificial altar of Ru.
    35 | D        | Found a snail-covered altar of Cheibriados.
    35 | D        | Found Comuusu's Gadget Emporium.
    35 | D        | Found an opulent altar of Gozag.
    35 | D        | Found a sparkling altar of Nemelex Xobeh.
    35 | D        | Found a glowing golden altar of the Shining One.
    35 | D        | Found an iron altar of Okawaru.
    35 | D        | Found a bloodstained altar of Trog.
    35 | D        | Found a blossoming altar of Fedhas.
    35 | D        | Found a stormy altar of Qazlal.
    35 | D        | Found a white marble altar of Elyvilon.
    35 | D        | Found a glowing silver altar of Zin.
    35 | D        | Noticed a yak
    46 | D        | Slain by a yak

Vault maps used:
D:        dungeon_sprint_1

Skill      XL: |  1 |
---------------+----+-----
Fighting       | 7 |  7.2
Staves         | |  2.0
Armour         | |  3.2
Shields        | |  3.6

Action                   || total
-------------------------++-------
Melee: Quarterstaff      ||    29
 Abil: Dig               ||     2
Armor: Scale mail        ||    10
Dodge: Dodged            ||     7
Block: Shield            ||    13

Table legend:
 A = Spawn XP
 B = Non-spawn XP
 C = Spawn XP percentage of total XP
 D = Spawn monster count
 E = Non-spawn monster count
 F = Spawn count percentage of total count
 G = Total turns spent on level
                    A         B        C        D         E        F      G
               +---------+---------+-------+---------+---------+-------+---------
         Total |       0 |      38 |   0.0 |       0 |       1 |   0.0 |    46
               +---------+---------+-------+---------+---------+-------+---------
             D |       0 |      38 |   0.0 |       0 |       1 |   0.0 |    46
               +---------+---------+-------+---------+---------+-------+---------
